Map: Odyssey LE

Players

SamuraiFunn

  • Race: Protoss Protoss
  • Spawn Location: 5:00

A.I. 1 (Very Hard) - Winner!

  • Race: Terran Terran
  • Spawn Location: 11:00

VOD

Have the link to the VOD?

Description

Time

  • Played on: Oct. 28, 2017, 4:14 p.m.
  • Length: 15:03
Show
View Real Time Build Order
Export as new Build Order

SamuraiFunn Protoss 

Build Orders:  

Get SALT Encoding   

  12  0:01  Probe (Chrono Boost)  
  13  0:12  Probe (Chrono Boost)  
  14  0:17  Pylon  
  14  0:22  Probe (Chrono Boost)  
  16  0:36  Probe (Chrono Boost)  
  16  0:38  Gateway  
  16  0:46  Probe (Chrono Boost)  
  17  0:50  Assimilator  
  17  0:57  Probe (Chrono Boost)  
  18  1:06  Gateway  
  18  1:07  Probe (Chrono Boost)  
  19  1:13  Assimilator  
  19  1:20  Probe (Chrono Boost)  
  20  1:25  Zealot  
  22  1:35  Probe (Chrono Boost)  
  23  1:46  Cybernetics Core  
  23  1:53  Pylon  
  23  2:11  Probe (Chrono Boost)  
  23  2:13  Zealot x2  
  28  2:22  Pylon  
  28  2:27  Forge  
  28  2:42  Nexus  
  28  2:54  Probe (Chrono Boost)  
  28  2:58  Zealot  
  31  3:01  Zealot  
  31  3:04  Probe (Chrono Boost)  
  34  3:08  Protoss Ground Weapons Level 1  
  33  3:27  Twilight Council  
  33  3:31  Pylon  
  33  3:35  Probe (Chrono Boost)  
  34  3:45  Probe (Chrono Boost)  
  35  3:49  Gateway  
  35  3:56  Probe (Chrono Boost), Zealot  
  38  4:06  Zealot  
  40  4:15  Charge  
  40  4:23  Stalker  
  42  4:32  Gateway  
  42  4:34  Probe (Chrono Boost)  
  42  4:36  Probe (Chrono Boost)  
  44  4:44  Probe (Chrono Boost)  
  45  4:53  Stalker x2  
  49  5:02  Protoss Ground Armor Level 1  
  49  5:03  Zealot  
  47  5:23  Zealot  
  47  5:26  Zealot x2  
  53  5:30  Zealot  
  55  5:38  Probe (Chrono Boost)  
  56  5:48  Probe (Chrono Boost)  
  57  5:50  Zealot  
  57  5:53  Zealot  
  61  5:59  Probe (Chrono Boost)  
  62  6:05  Pylon  
  62  6:09  Robotics Facility  
  62  6:11  Robotics Facility  
  62  6:23  Probe (Chrono Boost), Zealot, Stalker  
  67  6:28  Pylon  
  67  6:34  Probe (Chrono Boost), Zealot  
  70  6:44  Pylon  
  70  6:47  Zealot  
  72  6:50  Pylon  
  72  6:55  Protoss Ground Weapons Level 2  
  72  7:07  Stalker x2  
  78  7:08  Zealot  
  78  7:16  Immortal x2  
  86  7:29  Pylon  
  86  7:35  Pylon  
  86  7:44  Stalker x2  
  88  7:45  Stalker x2  
  88  7:55  Observer x2  
  90  8:14  Stalker x2  
  90  8:17  Observer x2  
  64  8:37  Warp Prism  
  66  8:58  Nexus  
  66  9:02  Stalker x4  
  70  9:03  Pylon  
  70  9:06  Pylon  
  66  9:11  Protoss Ground Armor Level 2, Immortal  
  70  9:32  Zealot, Stalker x2  
  76  10:05  Stalker x4  
  84  10:27  Probe (Chrono Boost)  
  85  10:30  Nexus  
  85  10:38  Probe (Chrono Boost)  
  85  10:40  Immortal x2  
  94  10:48  Probe (Chrono Boost)  
  95  10:59  Probe (Chrono Boost)  
  96  11:09  Probe (Chrono Boost)  
  97  11:15  Pylon  
  96  11:20  Zealot  
  96  11:21  Zealot x3  
  96  11:23  Pylon  
  104  11:28  Probe (Chrono Boost)  
  104  11:32  Pylon  
  105  11:33  Protoss Shields Level 1  
  105  11:39  Probe (Chrono Boost)  
  106  11:47  Stalker x2  
  106  11:48  Stalker x2  
  106  11:49  Probe (Chrono Boost)  
  115  12:00  Probe (Chrono Boost)  
  63  12:20  Zealot x4  
  59  12:44  Immortal  
  59  12:45  Immortal  
  59  12:47  Adept, Zealot x3  
  75  12:57  Probe (Chrono Boost)  
  76  13:00  Probe (Chrono Boost)  
  77  13:08  Probe (Chrono Boost)  
  77  13:10  Probe (Chrono Boost)  
  79  13:14  Adept x4  
  87  13:21  Probe (Chrono Boost)  
  87  13:24  Immortal  
  92  13:31  Probe (Chrono Boost)  
  93  13:36  Gateway  
  93  13:39  Gateway  
  93  13:41  Adept x4  
  93  13:42  Probe (Chrono Boost)  
  101  14:08  Zealot x2, Stalker  
Show
View Real Time Build Order
Export as new Build Order

A.I. 1 (Very Hard) Terran - Winner!

Build Orders: MMM Bio 

Get SALT Encoding   

  12  0:00  SCV  
  13  0:13  SCV  
  14  0:18  Supply Depot  
  14  0:25  SCV  
  15  0:39  SCV  
  16  0:44  Barracks  
  16  0:51  SCV  
  17  1:03  SCV  
  18  1:11  Refinery  
  18  1:14  Supply Depot  
  18  1:15  SCV  
  19  1:28  SCV  
  20  1:32  Marine  
  21  1:43  Command Center  
  21  2:06  Barracks  
  21  2:07  SCV  
  22  2:10  Marine  
  22  2:15  Factory  
  23  2:19  SCV  
  24  2:23  Supply Depot  
  24  2:29  Marine  
  25  2:31  SCV  
  26  2:43  SCV  
  27  2:47  Marine  
  28  2:55  Orbital Command  
  28  2:56  SCV  
  29  3:00  Refinery  
  29  3:01  Factory Tech Lab  
  29  3:10  Orbital Command  
  29  3:13  Marine  
  29  3:15  Marine  
  31  3:21  SCV  
  32  3:31  Marine  
  32  3:33  SCV, Marine  
  35  3:35  SCV  
  36  3:42  Barracks  
  36  3:45  SCV  
  36  3:47  SCV  
  38  3:49  Marine  
  38  3:51  Barracks Tech Lab  
  39  3:57  SCV  
  39  3:59  SCV, Supply Depot  
  41  4:08  Barracks Tech Lab  
  41  4:09  SCV, Marine  
  42  4:10  Stimpack  
  42  4:11  SCV  
  42  4:13  Siege Tank  
  47  4:21  SCV  
  47  4:24  SCV  
  49  4:25  Combat Shields, Marine  
  49  4:27  Marine  
  49  4:29  Marine  
  49  4:30  Supply Depot  
  52  4:33  SCV  
  52  4:36  SCV  
  52  4:37  Supply Depot  
  54  4:43  Marine  
  57  4:45  SCV  
  57  4:46  Marauder  
  57  4:51  SCV  
  57  4:52  Refinery  
  59  4:55  Barracks Reactor  
  59  4:58  SCV  
  60  5:00  Siege Tank  
  60  5:02  Marauder  
  60  5:03  SCV  
  68  5:07  Marauder  
  68  5:09  Supply Depot  
  68  5:10  SCV  
  68  5:11  Refinery  
  69  5:15  SCV  
  70  5:22  SCV  
  70  5:23  Marauder  
  70  5:28  SCV, Marauder  
  76  5:32  Siege Tank  
  76  5:34  SCV, Supply Depot  
  80  5:40  SCV  
  80  5:41  Engineering Bay  
  81  5:44  Marauder  
  81  5:46  SCV  
  81  5:49  Command Center  
  84  5:55  SCV  
  84  5:56  Marauder  
  87  5:58  SCV  
  87  5:59  Supply Depot  
  88  6:05  Siege Tank  
  88  6:06  Terran Infantry Weapons Level 1, Marauder  
  88  6:07  SCV  
  88  6:09  Concussive Shells  
  94  6:15  Engineering Bay  
  94  6:17  Missile Turret  
  93  6:19  Missile Turret  
  93  6:21  Marauder  
  93  6:23  Supply Depot  
  95  6:27  Marauder  
  95  6:29  Barracks  
  97  6:33  Starport  
  97  6:37  Marine  
  97  6:38  Marine  
  99  6:40  Terran Infantry Armor Level 1  
  99  6:45  Marauder  
  99  6:46  Supply Depot  
  101  6:49  Marauder  
  101  6:52  Siege Tank  
  106  7:01  Missile Turret  
  106  7:02  SCV x2, Orbital Command  
  108  7:11  Medivac, Missile Turret  
  108  7:14  SCV x2  
  112  7:16  Missile Turret  
  112  7:24  Siege Tank  
  112  7:26  SCV  
  112  7:27  Supply Depot  
  112  7:29  Armory  
  116  7:30  SCV  
  116  7:31  SCV  
  117  7:37  Marauder  
  117  7:38  SCV  
  117  7:39  Marauder  
  117  7:42  Starport Reactor  
  117  7:43  SCV x2  
  124  7:50  SCV  
  125  7:53  Supply Depot  
  125  7:55  SCV, Widow Mine  
  125  7:56  SCV  
  129  7:58  Marauder  
  129  8:00  Marauder  
  129  8:02  SCV  
  134  8:07  SCV  
  134  8:09  Armory  
  134  8:10  Missile Turret  
  134  8:12  Refinery  
  135  8:15  SCV  
  135  8:16  Terran Vehicle Weapons Level 1  
  135  8:17  Medivac  
  135  8:18  SCV  
  135  8:19  SCV  
  137  8:20  Supply Depot, Marauder  
  137  8:21  Marauder  
  137  8:23  Marine  
  137  8:24  Widow Mine  
  137  8:27  SCV  
  131  8:30  SCV  
  131  8:32  SCV  
  130  8:36  Terran Infantry Weapons Level 2  
  130  8:39  SCV  
  133  8:41  Marauder  
  133  8:44  SCV  
  133  8:45  SCV  
  133  8:48  Missile Turret  
  135  8:51  SCV  
  135  8:52  Widow Mine  
  138  8:56  Terran Vehicle And Ship Armor Level 1  
  138  8:58  SCV, Supply Depot  
  138  8:59  SCV  
  137  9:03  SCV  
  137  9:08  Missile Turret  
  138  9:10  SCV  
  138  9:11  Marine  
  138  9:12  Missile Turret  
  140  9:21  Widow Mine  
  142  9:25  Medivac  
  142  9:28  Supply Depot  
  144  9:32  Hi-Sec Auto Tracking  
  144  9:33  Factory, Command Center  
  144  9:42  Starport  
  144  9:52  Medivac  
  145  10:01  Refinery  
  145  10:04  Cyclone  
  148  10:09  Marine  
  148  10:10  Marine  
  150  10:15  Missile Turret  
  150  10:17  Factory Tech Lab, Missile Turret  
  150  10:19  Marine  
  150  10:20  Starport Tech Lab  
  151  10:21  Supply Depot  
  151  10:22  Marine  
  151  10:23  Marine  
  151  10:27  Marine  
  151  10:28  Marine  
  154  10:32  Terran Vehicle Weapons Level 2  
  155  10:36  Marine, Siege Tank  
  155  10:37  Barracks, Cyclone  
  155  10:39  High Capacity Fuel Tanks, Raven  
  164  10:42  Marine  
  164  10:45  Supply Depot  
  164  10:46  SCV x3  
  164  10:47  SCV  
  164  10:48  Refinery  
  169  10:55  Missile Turret  
  169  10:58  SCV x2  
  169  10:59  SCV, Planetary Fortress, Missile Turret  
  169  11:00  Command Center, Refinery  
  169  11:01  Barracks Tech Lab  
  169  11:02  Terran Infantry Weapons Level 3  
  172  11:10  Liberator  
  172  11:17  Liberator  
  172  11:19  Siege Tank  
  172  11:20  Marine  
  172  11:21  Raven  
  172  11:22  Marine  
  172  11:23  Marine  
  180  11:32  Marine  
  184  11:33  Marine  
  184  11:34  Marine  
  184  11:35  Widow Mine  
  191  11:40  Building Armor  
  191  11:49  Ghost Academy  
  191  11:51  Widow Mine  
  193  11:55  Missile Turret  
  193  11:59  Marine  
  193  12:00  Marauder  
  196  12:04  Siege Tank  
  196  12:06  Viking  
  195  12:10  Viking  
  195  12:11  Marauder  
  195  12:12  Marine  
  195  12:13  Marine x2  
  195  12:14  Refinery  
  191  12:17  Medivac  
  191  12:18  Marauder  
  191  12:20  Siege Tank  
  191  12:21  Marine  
  199  12:24  Planetary Fortress  
  199  12:25  Command Center, Refinery  
  199  12:28  Missile Turret  
  199  12:30  Marine, Missile Turret  
  199  12:33  Missile Turret  
  200  12:56  Missile Turret  
  200  13:47  Planetary Fortress  
  200  13:58  Missile Turret  
  200  13:59  Command Center  
  200  14:01  Missile Turret  
  200  14:03  Missile Turret  
  200  14:09  Refinery  
  200  14:26  Viking  
  199  14:42  Marauder x2  
Tags
 
Composition
MMM Bio
Matchup
PvT
Replay Pack
First 100 games
Spawn Locations
Cross Positions
Add a new tag
Caveats
  • Supply blocks, unpowered buildings, or Contaminate may cause inaccurate times.
  • Supply counts are checked every 10 seconds.